 Dungeon Crawl Stone Soup version 0.31-a0-18-gea43df2a32 (webtiles) character file.

Game seed: 10871875960468141553

153 CowFu the Insei (level 5, 0/40 HPs)
             Began as a Draconian Transmuter on May 8, 2023.
             Slain by a wraith (11 damage)
             ... in an ossuary on May 9, 2023.
             The game lasted 00:03:19 (1533 turns).

CowFu the Insei (Draconian Transmuter)              Turns: 1533, Time: 00:03:20

Health: 0/40       AC:  6    Str: 12    XL:     5   Next: 12%
Magic:  8/8        EV: 12    Int: 13    God:
Gold:   139        SH:  0    Dex: 14    Spells: 7/8 levels left

rFire   . .          .
                       - Unarmed
rCold   . . .        (no shield)
rNeg    . . .        (body armour unavailable)
rPois   .            (helmet restricted)
rElec   .            (no cloak)
rCorr   .            k - +0 pair of gloves
SInv    .            (no boots)
Will    .....        (no amulet)
Stlth   +            (no ring)
HPRegen 0.26/turn    (no ring)
MPRegen 0.11/turn

%: no passive effects
@: slowed, very slow
A: AC +5, unfitting armour, cold-blooded
a: no special abilities


You were in an ossuary.
You visited 1 branch of the dungeon, and saw 3 of its levels.
You also visited: Ossuary.

You collected 139 gold pieces.

Inventory:

Armour
 k - a +0 pair of gloves (worn)
Wands
 j - a wand of iceblast (20)
Scrolls
 c - a scroll of amnesia {unknown}
 f - 2 scrolls of identify
 i - a scroll of vulnerability {unknown}
 l - a scroll of teleportation {unknown}
 m - a scroll of enchant armour {unknown}
Potions
 a - a potion of lignification
 b - a potion of attraction
 d - a potion of flight
 e - a potion of haste
 g - a potion of heal wounds


   Skills:
 - Level 1.1 Fighting
 - Level 1.7 Dodging
 + Level 4.6 Unarmed Combat
 - Level 2.0 Spellcasting
 + Level 4.0 Transmutations


You had 7 spell levels left.
You knew the following spells:

 Your Spells              Type           Power      Damage    Failure   Level
a - Beastly Appendage     Tmut           22%        N/A       4%          1

Your spell library contained the following spells:

 Spells                   Type           Power      Damage    Failure   Level
 Wereblood                Tmut           11%        N/A       8%          2
 Passwall                 Tmut/Erth      5%         N/A       17%         2
 Sandblast                Erth           2%         2d4       26%         1
 Spider Form              Tmut/Pois      6%         N/A       32%         3
 Stone Arrow              Conj/Erth      2%         3d7       58%         3
 Ice Form                 Ice/Tmut       6%         N/A       73%         4


Dungeon Overview and Level Annotations

Branches:
Dungeon (2/15)            Ossuary (1/1)

Altars:

Shops:
D:2 *


Innate Abilities, Weirdness & Mutations

Your plain brown scales are hard. (AC +5)
You cannot fit into any form of body armour.
You are cold-blooded and may be slowed by cold attacks.


Message History

You feel as though you will be slow longer.
You hit the wraith. You claw the wraith, but do no damage.
Your headbutt misses the wraith.
You tail-slap the wraith, but do no damage.
The wraith is moderately damaged.
The wraith barely misses you. The wraith hits you!
* * * LOW HITPOINT WARNING * * *
You are too injured to fight recklessly!
You are too injured to fight recklessly!
You are too injured to fight recklessly!
You are too injured to fight recklessly!
You are too injured to fight recklessly!
You are too injured to fight recklessly!
You are too injured to fight recklessly!
You are too injured to fight recklessly!
You are too injured to fight recklessly!
You are too injured to fight recklessly!
You are too injured to fight recklessly!
You are too injured to fight recklessly!
You are too injured to fight recklessly!
You are too injured to fight recklessly!
You are too injured to fight recklessly!
You are too injured to fight recklessly!
You are too injured to fight recklessly!
You are too injured to fight recklessly!
You are too injured to fight recklessly!
You are too injured to fight recklessly!
You feel much better. The wraith hits you. The wraith drains your vigour!
You feel as though you will be slow longer.
You punch the wraith! Your kick misses the wraith.
The wraith is heavily damaged.
The wraith hits you! The wraith drains your vigour!
You feel as though you will be slow longer.
You hit the wraith. You claw the wraith, but do no damage.
The wraith is heavily damaged.
Your horns disappear.
Your talons disappear.
The wraith hits you!
* * * LOW HITPOINT WARNING * * *
The wraith hits you!
You die...

#####+#####
#.........##
#...##@##...## .
.##..W##...## .
##.?!..##...# ..
#.!.?!!.#...+
...##.!.?.##...#
#...##...##...##
. #...#####...##
...##.........##
....#####'#####.


You could see a wraith.

Vanquished Creatures
  An ogre (D:4)
  A mummy (Ossuary)
  A worm (D:2)
  A dart slug (D:1)
  4 ball pythons
  2 endoplasms (D:2)
  11 goblins
  8 hobgoblins
  2 kobolds (D:1)
  A quokka (D:2)
  4 frilled lizards (D:1)
  3 gnoll skeletons (Ossuary)
  A goblin zombie (D:4)
  A kobold skeleton (Ossuary)
  5 orc skeletons (Ossuary)
  3 rats
  A rat zombie (D:4)
50 creatures vanquished.

Notes
Turn   | Place    | Note
-------+----------+-------------------------------------------
     0 | D:1      | CowFu the Draconian Transmuter began the quest for the Orb.
     0 | D:1      | Reached XP level 1. HP: 16/16 MP: 3/3
   322 | D:1      | Reached XP level 2. HP: 20/23 MP: 3/5
   848 | D:2      | Reached XP level 3. HP: 6/28 MP: 6/6
   858 | D:2      | Upgraded the game from 0.31-a0-16-g6d2539766c to
                  | 0.31-a0-18-gea43df2a32
  1102 | D:2      | Found Pugaskiteal's General Store.
  1360 | D:2      | You fall into a shaft and drop 2 floors!
  1365 | D:4      | Noticed an ogre
  1369 | D:4      | Killed an ogre
  1370 | D:4      | Reached XP level 4. HP: 35/35 MP: 5/7
  1388 | D:4      | Noticed an ogre
  1399 | D:4      | Found a sand-covered staircase.
  1414 | Ossuary  | Entered an ossuary
  1414 | Ossuary  | Noticed a wraith
  1414 | Ossuary  | Noticed a wraith
  1414 | Ossuary  | Noticed a wraith
  1439 | Ossuary  | Reached XP level 5. HP: 37/40 MP: 6/8
  1505 | Ossuary  | Noticed a wraith
  1533 | Ossuary  | Slain by a wraith

Illustrated notes

Levels and vault maps discovered:
D:1:      tekkud_arrival_beachfront_property, layout_basic
D:2:      cheibrodos_greedy_goblins, layout_loops_corners, serial_shops, shop,
          minmay_diced_spiral, uniq_jessica
D:4:      layout_loops_ring, lemuel_temple_firewalk_b, enter_ossuary_4
Ossuary:  ossuary_due_mausoleum

Skill      XL: |  1  2  3  4  5 |
---------------+----------------+-----
Transmutations | 3 4 |  4.0
Unarmed Combat | 4 |  4.6
Fighting       | |  1.1
Dodging        | |  1.7
Spellcasting   | |  2.0

Action                     |  1- 3 |  4- 6 || total
---------------------------+-------+-------++-------
  Melee: Unarmed           |    87 |    39 ||   126
         Kick              |    25 |    14 ||    39
         Headbutt          |    12 |     9 ||    21
         Tailslap          |     7 |     4 ||    11
         Punch             |     4 |       ||     4
   Cast: Beastly Appendage |    20 |     6 ||    26
    Use: Scroll            |     4 |     1 ||     5
         Potion            |       |     1 ||     1
 Armour: Skin              |    20 |     7 ||    27
  Dodge: Dodged            |    55 |    20 ||    75

Table legend: (Time is in decaauts)
 A = Elapsed time spent in this place.
 B = Non-inter-level travel time spent in this place.
 C = Inter-level travel time spent in this place.
 D = Time resting spent in this place.
 E = Time spent auto-exploring this place.
 F = Levels seen in this place.
 G = Mean time per level.
                   A        B        C        D        E       F      G
               +--------+--------+--------+--------+--------+-----+--------+
         Total |   1525 |   1495 |     30 |      0 |   1130 |   4 |  381.2 |
       Dungeon |   1407 |   1377 |     30 |      0 |   1111 |   3 |  469.0 |
       Ossuary |    117 |    117 |      0 |      0 |     19 |   1 |  117.0 |
               +--------+--------+--------+--------+--------+-----+--------+

Top non-repeatable levels by time:
     D:1: 721 daAuts
     D:2: 632 daAuts
 Ossuary: 117 daAuts
     D:4: 53 daAuts
